 Dungeon Crawl Stone Soup version 0.29-a0-330-g52719c12eb (webtiles) character file.

Game seed: 3730574160025253113

884 Crownlay the Chiller (level 8, -4/57 HPs)
             Began as a Gnoll Ice Elementalist on May 6, 2022.
             Slain by a yak (9 damage)
             ... on level 5 of the Dungeon.
             The game lasted 00:15:14 (4715 turns).

Crownlay the Chiller (Gnoll Ice Elementalist)       Turns: 4715, Time: 00:15:15

Health: -4/57      AC: 10    Str: 13    XL:     8   Next: 5%
Magic:  5/16       EV: 13    Int: 18    God:
Gold:   252        SH:  0    Dex: 12    Spells: 10/18 levels left

rFire   . . .      SeeInvis .   A - +1 long sword (holy)
rCold   . . .      Faith    .   (no shield)
rNeg    . . .      Spirit   .   a - +0 robe
rPois   .          Reflect  .   (no helmet)
rElec   .          Harm     .   l - scarf {+Inv}
rCorr   +          Rampage  .   o - +0 pair of gloves
Will    .....                   (no boots)
Stlth   +++.......              (no amulet)
HPRegen 0.19/turn               R - ring of resist corrosion
MPRegen 0.15/turn               S - +6 ring of strength

@: ice-armoured, freezing walls
A: fangs 1, strong nose, distributed training
a: Evoke Invisibility


You were on level 5 of the Dungeon.
You visited 1 branch of the dungeon, and saw 5 of its levels.

You collected 252 gold pieces.


Innate Abilities, Weirdness & Mutations

You have very sharp teeth.
Your uncanny sense of smell can sniff out nearby items.
Your experience applies equally to all skills.


   Skills:
 + Level 2.9 Fighting
 + Level 2.9 Short Blades
 + Level 2.9 Long Blades
 + Level 2.9 Axes
 + Level 2.9 Maces & Flails
 + Level 2.9 Polearms
 + Level 2.9 Staves
 + Level 2.9 Slings
 + Level 2.9 Bows
 + Level 2.9 Crossbows
 + Level 2.9 Throwing
 + Level 2.9 Armour
 + Level 5.4 Dodging
 + Level 5.1 Stealth
 + Level 2.9 Shields
 + Level 2.9 Unarmed Combat
 + Level 5.8 Spellcasting
 + Level 2.3 Conjurations
 + Level 2.3 Hexes
 + Level 2.3 Summonings
 + Level 2.3 Necromancy
 + Level 2.3 Translocations
 + Level 2.3 Transmutations
 + Level 2.3 Fire Magic
 + Level 7.5 Ice Magic
 + Level 2.3 Air Magic
 + Level 2.3 Earth Magic
 + Level 2.3 Poison Magic
 + Level 3.2 Invocations
 + Level 2.9 Evocations


You had 10 spell levels left.
You knew the following spells:

 Your Spells              Type           Power      Damage    Failure   Level
f - Freeze                Ice            100%       1d11      1%          1
o - Ozocubu's Armour      Ice            32%        N/A       1%          3
r - Frozen Ramparts       Ice            64%        1d8       1%          3
s - Sandblast             Erth           26%        2d8       4%          1

Your spell library contained the following spells:

 Spells                   Type           Power      Damage    Failure   Level
 Sting                    Tmut/Pois      52%        1d5       4%          1
 Passwall                 Tmut/Erth      10%        N/A       7%          2
 Poisonous Vapours        Pois/Air       26%        N/A       7%          2
 Stone Arrow              Conj/Erth      26%        3d8       14%         3
 Hailstorm                Conj/Ice       23%        3d7       16%         4
 Olgreb's Toxic Radiance  Pois           13%        N/A       43%         4

Inventory:

Hand Weapons
 A - a +1 long sword of holy wrath (weapon)
   (You found it on level 4 of the Dungeon)
Missiles
 c - 4 poisoned darts
 f - 72 stones
 s - a boomerang
 B - 3 javelins
 E - 6 curare-tipped darts {=f}
Armour
 a - a +0 robe (worn)
 l - a scarf of invisibility (worn)
   (You found it on level 2 of the Dungeon)
 o - a +0 pair of gloves (worn)
   (You found it on level 2 of the Dungeon)
Magical Staves
 p - a staff of air {!a}
   (You found it on level 3 of the Dungeon)
Jewellery
 R - a ring of resist corrosion (left hand)
   (You found it on level 1 of the Dungeon)
 S - a +6 ring of strength (right hand)
   (You found it on level 2 of the Dungeon)
Wands
 h - a wand of flame (38)
   (You took it off Natasha on level 2 of the Dungeon)
 v - a wand of charming (4)
   (You found it on level 3 of the Dungeon)
Scrolls
 g - a scroll of amnesia
 k - a scroll of enchant armour {unknown}
 m - a scroll of magic mapping {!r}
 r - 3 scrolls of teleportation {@r4}
 w - a scroll of acquirement {unknown}
 y - a scroll of enchant weapon
Potions
 b - a potion of magic
 d - 2 potions of heal wounds {unknown}
 e - 3 potions of mutation {!q}
 j - a potion of attraction {unknown}
 n - a potion of experience {unknown}
 q - 2 potions of curing {unknown}
 t - 2 potions of resistance {unknown}
 u - a potion of haste {@q3}
 z - a potion of degeneration {unknown}
 C - a potion of brilliance {unknown}

Dungeon Overview and Level Annotations

Branches:
Dungeon (5/15)
 Temple: D:4-7

Altars:
Ru

Shops:
D:1 [ D:4

= #......Y.......#
#.......Y......#
#..............#
#..........)..#
##.......Y.....#
#....)....[[...#
#........##...##
#........##Y..##
#........+@....# ∆
#........#.....#
#........#.....#
#........#....Y#
#........##...##+#
##+#
##...##.####..####
#.................
#.................
#.................


You could see 2 yaks.


Message History

i - a +0 ring mail The yak bellows!
A yak comes into view.
You drop a +0 ring mail.
The yak bellows!
A yak comes into view.
Casting: Frozen Ramparts (safe; 1% risk of failure)
Confirm with . or Enter, or press ? or * to list all spells.
You miscast Ozocubu's Armour.
You are very lightly contaminated with residual magic.
Nothing appears to happen. 😎 MP[-3]
You lost 3 mp, and now have 12/15 mp.
Casting: Ozocubu's Armour (safe; 1% risk of failure)
Confirm with . or Enter, or press ? or * to list all spells.
A film of ice covers your body! 😎 MP[-3]
You lost 3 mp, and now have 9/15 mp.
Casting: Ozocubu's Armour (safe; 1% risk of failure)
Confirm with . or Enter, or press ? or * to list all spells.
Casting: Frozen Ramparts (safe; 1% risk of failure)
Press: ? - help, Dir - look around, f - activate The walls around you are covered in ice.
The wall freezes the yak.
The yak gores you. 😕 HP[-1] MP[-3]
You take 1 damage, and now have 50/51 hp.
You lost 3 mp, and now have 6/15 mp.
You barely miss the yak.
The wall freezes the yak.
The yak gores you but does no damage.
You hit the yak. You bite the yak.
The wall freezes the yak. x2
The yak gores you but does no damage.
You hit the yak.
A yak comes into view.
The wall freezes the yak.
The yak gores you. 😕 HP[-1] MP[+1]
You take 1 damage, and now have 49/51 hp.
The yak bellows!
You slash the yak! You punch the yak, but do no damage.
The wall freezes the yak!
The yak barely misses you.
The wall freezes the yak.
The yak gores you.
The wall freezes the yak.
The yak gores you but does no damage.
The wall freezes the yak.
The yak barely misses you.
Your magical contamination has completely faded away. 😕 HP[-4]
You take 4 damage, and now have 45/51 hp.
You closely miss the yak. Your bite misses the yak.
The wall freezes the yak. x2
The yak completely misses you.
The wall freezes the yak!
You kill the yak!
Your Stealth skill increases to level 5!
Your Invocations skill increases to level 3! 😕 HP[+1]
You hit the yak.
The frozen ramparts melt away.
The yak gores you but does no damage.
You barely miss the yak. The yak gores you. 😕 HP[-5]
You take 5 damage, and now have 41/51 hp.
You hit the yak. The yak gores you but does no damage. The yak misses you.
The yak closely misses you.
You hit the yak but do no damage. The yak completely misses you.
The yak gores you! 😮 HP[-12] MP[+1]
You take 12 damage, and now have 29/51 hp.
MASSIVE DAMAGE!! (PAUSE)
Casting: Frozen Ramparts (safe; 1% risk of failure)
Confirm with . or Enter, or press ? or * to list all spells.
Casting: Frozen Ramparts (safe; 1% risk of failure)
Press: ? - help, Dir - look around, f - activate The walls around you are covered in ice.
The wall freezes the yak!
The yak gores you.
* * * LOW HITPOINT WARNING * * *
The wall freezes the yak!
The yak completely misses you. The yak gores you!
* * * LOW HITPOINT WARNING * * *
😨 HP[-13] MP[-3]
You take 13 damage, and now have 16/51 hp.
MASSIVE DAMAGE!! (PAUSE)
You lost 3 mp, and now have 5/15 mp.
You barely miss the yak.
The wall freezes the yak.
The yak gores you!
* * * LOW HITPOINT WARNING * * *
The wall freezes the yak.
The yak gores you but does no damage. The yak barely misses you. 😱 HP[-12]
You take 12 damage, and now have 4/51 hp.
MASSIVE DAMAGE!! (PAUSE)
Okay, then.
As you read the scroll of fear, it crumbles to dust.
You assume a fearsome visage.
The yak looks frightened! x3
The wall freezes the yak.
You kill the yak!
The wall freezes the yak.
Your attack snaps the yak out of its fear.
The yak barely misses you.
You have reached level 8!
You feel clever. 😱 HP[+1]
You now have 57 max hp (+6).
Okay, then.
You hit the yak.
The wall freezes the yak!
The yak gores you but does no damage.
You hit the yak but do no damage.
The wall freezes the yak.
The yak gores you!
You die...

Skill      XL: |  1  2  3  4  5  6  7 |
---------------+----------------------+-----
Spellcasting   | 5 |  5.8
Fighting       | 1 2 |  2.9
Short Blades   | 1 2 |  2.9
Long Blades    | 1 2 |  2.9
Axes           | 1 2 |  2.9
Maces & Flails | 1 2 |  2.9
Polearms       | 1 2 |  2.9
Staves         | 1 2 |  2.9
Slings         | 1 2 |  2.9
Bows           | 1 2 |  2.9
Crossbows      | 1 2 |  2.9
Throwing       | 1 2 |  2.9
Armour         | 1 2 |  2.9
Shields        | 1 2 |  2.9
Unarmed Combat | 1 2 |  2.9
Invocations    | 1 2 3 |  3.2
Evocations     | 1 2 |  2.9
Conjurations   | 1 2 |  2.3
Hexes          | 1 2 |  2.3
Summonings     | 1 2 |  2.3
Necromancy     | 1 2 |  2.3
Translocations | 1 2 |  2.3
Transmutations | 1 2 |  2.3
Fire Magic     | 1 2 |  2.3
Air Magic      | 1 2 |  2.3
Earth Magic    | 1 2 |  2.3
Poison Magic   | 1 2 |  2.3
Dodging        | 5 |  5.4
Stealth        | 5 |  5.1
Ice Magic      | |  7.5

Action                   |  1- 3 |  4- 6 |  7- 9 || total
-------------------------+-------+-------+-------++-------
Melee: Short sword       |     9 |    55 |       ||    64
       Bite              |       |     4 |     3 ||     7
       Punch             |       |     2 |     1 ||     3
       Long sword        |       |    30 |    30 ||    60
Throw: Javelin           |       |       |     3 ||     3
 Cast: Freeze            |    22 |       |       ||    22
       Sandblast         |     7 |    33 |       ||    40
       Frozen Ramparts   |     3 |    14 |     7 ||    24
       Ozocubu's Armour  |     2 |     6 |     4 ||    12
  Use: Scroll            |     2 |     6 |     2 ||    10
 Stab: Sleeping          |       |     6 |     2 ||     8
       Distracted        |       |     1 |       ||     1
Armor: Robe              |     9 |    34 |    10 ||    53
Dodge: Dodged            |    11 |    90 |    21 ||   122

Levels and vault maps discovered:
D:1:      erik_arrival_triangle_huge, layout_basic, serial_shops, shop,
          basic_ecumenical_altar, minmay_tromino_v2
D:2:      layout_basic, uniq_natasha
D:3:      layout_loops_ring
D:4:      layout_cave_pods, nicolae_ru_great_annihilating_truth, serial_shops,
          nicolae_shop_hallway_plus, amcnicky_mini_pool_small
D:5:      layout_gridville, minmay_temple_entry_arrows

Notes
Turn   | Place    | Note
-------+----------+-------------------------------------------
     0 | D:1      | Crownlay the Gnoll Ice Elementalist began the quest for the
                  | Orb.
     0 | D:1      | Reached XP level 1. HP: 13/13 MP: 6/6
     0 | D:1      | magus.rc [v1.11.3]
   365 | D:1      | Reached XP level 2. HP: 19/19 MP: 4/7
   428 | D:1      | Found Cagaghit's Antique Armour Emporium.
   429 | D:1      | Found a faded altar of an unknown god.
   955 | D:1      | You pick up a book of Geomancy and begin reading...
   955 | D:1      | You add the spells Sandblast, Passwall and Stone Arrow to
                  | your library.
   958 | D:1      | Learned a level 1 spell: Sandblast
  1194 | D:2      | Reached skill level 5 in Spellcasting
  1194 | D:2      | Reached XP level 3. HP: 25/25 MP: 3/9
  1221 | D:2      | Learned a level 3 spell: Frozen Ramparts
  1225 | D:2      | Learned a level 3 spell: Ozocubu's Armour
  1322 | D:2      | Noticed Natasha
  1332 | D:2      | Killed Natasha
  1333 | D:2      | Reached skill level 1 in Fighting
  1333 | D:2      | Reached skill level 1 in Short Blades
  1333 | D:2      | Reached skill level 1 in Long Blades
  1333 | D:2      | Reached skill level 1 in Axes
  1333 | D:2      | Reached skill level 1 in Maces & Flails
  1333 | D:2      | Reached skill level 1 in Polearms
  1333 | D:2      | Reached skill level 1 in Staves
  1333 | D:2      | Reached skill level 1 in Slings
  1333 | D:2      | Reached skill level 1 in Bows
  1333 | D:2      | Reached skill level 1 in Crossbows
  1333 | D:2      | Reached skill level 1 in Throwing
  1333 | D:2      | Reached skill level 1 in Armour
  1333 | D:2      | Reached skill level 1 in Shields
  1333 | D:2      | Reached skill level 1 in Unarmed Combat
  1333 | D:2      | Reached skill level 1 in Invocations
  1333 | D:2      | Reached skill level 1 in Evocations
  1410 | D:2      | Noticed Natasha
  1418 | D:2      | Killed Natasha
  1419 | D:2      | Reached XP level 4. HP: 23/32 MP: 3/11
  1585 | D:2      | magus.rc [v1.11.3]
  1591 | D:2      | Reached skill level 1 in Conjurations
  1591 | D:2      | Reached skill level 1 in Hexes
  1591 | D:2      | Reached skill level 1 in Summonings
  1591 | D:2      | Reached skill level 1 in Necromancy
  1591 | D:2      | Reached skill level 1 in Translocations
  1591 | D:2      | Reached skill level 1 in Transmutations
  1591 | D:2      | Reached skill level 1 in Fire Magic
  1591 | D:2      | Reached skill level 1 in Air Magic
  1591 | D:2      | Reached skill level 1 in Earth Magic
  1591 | D:2      | Reached skill level 1 in Poison Magic
  1591 | D:2      | Noticed Natasha
  1596 | D:2      | Reached XP level 5. HP: 37/37 MP: 5/12
  1598 | D:2      | Killed Natasha
  2179 | D:3      | Noticed a sky beast
  2186 | D:3      | Killed a sky beast
  2187 | D:3      | Reached skill level 2 in Invocations
  2187 | D:3      | Reached XP level 6. HP: 44/44 MP: 7/14
  2391 | D:3      | Reached skill level 5 in Dodging
  2561 | D:3      | Reached skill level 2 in Fighting
  2561 | D:3      | Reached skill level 2 in Short Blades
  2561 | D:3      | Reached skill level 2 in Long Blades
  2561 | D:3      | Reached skill level 2 in Axes
  2561 | D:3      | Reached skill level 2 in Maces & Flails
  2561 | D:3      | Reached skill level 2 in Polearms
  2561 | D:3      | Reached skill level 2 in Staves
  2561 | D:3      | Reached skill level 2 in Slings
  2561 | D:3      | Reached skill level 2 in Bows
  2561 | D:3      | Reached skill level 2 in Crossbows
  2561 | D:3      | Reached skill level 2 in Throwing
  2561 | D:3      | Reached skill level 2 in Armour
  2561 | D:3      | Reached skill level 2 in Shields
  2561 | D:3      | Reached skill level 2 in Unarmed Combat
  2561 | D:3      | Reached skill level 2 in Evocations
  3269 | D:3      | You add the spells Sting, Poisonous Vapours and Olgreb's
                  | Toxic Radiance to your library.
  3434 | D:4      | Found Cairr's Jewellery Boutique.
  3837 | D:4      | Noticed a black bear
  3846 | D:4      | Killed a black bear
  3847 | D:4      | Reached XP level 7. HP: 49/51 MP: 8/15
  3966 | D:4      | Found a sacrificial altar of Ru.
  4102 | D:4      | Reached skill level 2 in Conjurations
  4102 | D:4      | Reached skill level 2 in Hexes
  4102 | D:4      | Reached skill level 2 in Summonings
  4102 | D:4      | Reached skill level 2 in Necromancy
  4102 | D:4      | Reached skill level 2 in Translocations
  4102 | D:4      | Reached skill level 2 in Transmutations
  4102 | D:4      | Reached skill level 2 in Fire Magic
  4102 | D:4      | Reached skill level 2 in Air Magic
  4102 | D:4      | Reached skill level 2 in Earth Magic
  4102 | D:4      | Reached skill level 2 in Poison Magic
  4644 | D:5      | Entered Level 5 of the Dungeon
  4679 | D:5      | Noticed a yak
  4693 | D:5      | Noticed a yak
  4695 | D:5      | Noticed a yak
  4704 | D:5      | Noticed a yak
  4706 | D:5      | Killed a yak
  4707 | D:5      | Reached skill level 5 in Stealth
  4707 | D:5      | Reached skill level 3 in Invocations
  4712 | D:5      | HP: 4/51 [yak (12)]
  4713 | D:5      | Killed a yak
  4714 | D:5      | Reached XP level 8. HP: 5/57 MP: 5/16
  4715 | D:5      | Slain by a yak

Vanquished Creatures
  2 yaks (D:5)
  A sky beast (D:3)
  A black bear (D:4)
  A scorpion (D:3)
  A hound (D:4)
  Natasha (twice) (D:2)
  An orc wizard (D:4)
  10 gnolls
  6 adders
  2 worms
  A dart slug (D:4)
  9 orcs
  6 endoplasms
  3 giant cockroaches (D:4)
  9 goblins
  7 hobgoblins
  7 kobolds
  5 quokkas
  10 ball pythons
  10 bats
  3 rats (D:2)
97 creatures vanquished.

Vanquished Creatures (others)
  Natasha (D:2)
1 creature vanquished.

Grand Total: 98 creatures vanquished

Table legend:
 A = Non-vault XP
 B = Vault XP
 C = Vault XP percentage of total XP
 D = Non-vault monster count
 E = Vault monster count
 F = Vault count percentage of total count
                 A         B        C        D         E       F
            +---------+---------+-------+---------+---------+-------
      Total |    1176 |      88 |   7.0 |      91 |       7 |   7.1
            +---------+---------+-------+---------+---------+-------
        D:1 |      25 |       4 |  13.8 |      15 |       2 |  11.8
        D:2 |     207 |      34 |  14.1 |      26 |       1 |   3.7
        D:3 |     274 |       0 |   0.0 |      26 |       0 |   0.0
        D:4 |     281 |      50 |  15.1 |      22 |       4 |  15.4
        D:5 |     389 |       0 |   0.0 |       2 |       0 |   0.0
            +---------+---------+-------+---------+---------+-------

Illustrated notes

Table legend:
 A = Kills in this place as a percentage of kills in entire the game.
 B = Kills by you in this place as a percentage of kills by you in the entire game.
 C = Kills by friends in this place as a percentage of kills by friends in the entire game.
 D = Other kills in this place as a percentage of other kills in the entire game.
 E = Experience gained in this place as a percentage of experience gained in the entire game.
 F = Experience gained in this place divided by the number of levels of this place that you have seen.
                   A       B       C       D       E      F
               +-------+-------+-------+-------+-------+----------------------
         Total | 100.0 | 100.0 |   N/A | 100.0 | 100.0 | 252.8
       Dungeon | 100.0 | 100.0 |   N/A | 100.0 | 100.0 | 252.8
               +-------+-------+-------+-------+-------+----------------------

Table legend: (Time is in decaauts)
 A = Elapsed time spent in this place.
 B = Non-inter-level travel time spent in this place.
 C = Inter-level travel time spent in this place.
 D = Time resting spent in this place.
 E = Time spent auto-exploring this place.
 F = Levels seen in this place.
 G = Mean time per level.
                   A        B        C        D        E       F      G
               +--------+--------+--------+--------+--------+-----+--------+
         Total |   4731 |   4617 |    114 |      0 |   3875 |   5 |  946.2 |
       Dungeon |   4731 |   4617 |    114 |      0 |   3875 |   5 |  946.2 |
               +--------+--------+--------+--------+--------+-----+--------+

Top non-repeatable levels by time:
     D:4: 1364 daAuts
     D:1: 1187 daAuts
     D:3: 1115 daAuts
     D:2: 990 daAuts
     D:5: 73 daAuts
